[Event "Live Chess"]
[Site "Chess.com"]
[Date "2024.06.02"]
[Round "-"]
[White "MagnersCarlsberg2870"]
[Black "NeilDruggan73"]
[Result "1-0"]
[WhiteElo "1842"]
[BlackElo "1779"]
[TimeControl "300"]
[EndTime "20:32:10 PDT"]
[Termination "MagnersCarlsberg2870 won by resignation"]

1. Nf3 d5 2. e4 dxe4 3. Ng5 Nf6 4.
d3 h6 5. Nxe4 Nbd7 6. Nbc3 b6 7.
Be2 Bb7 8. Bf3 Nxe4 9. Nxe4 Rb8 10. Qe2 e6 11. Bf4 g5 12. Bg3 Bg7 13. c3 Ne5 14. Bxe5 Bxe5 15. d4 Bf4 16. g3 Bd6 17. h4 f5 18. Bh5+ Kd7 19. Nd2 Bxh1 20. f3 Bxg3+ 21.
Kd1 Bf4 22. Kc2 gxh4 23. Rxh1 Qg5 24. Bf7 Qe7 25. Bh5 Rhg8 26. Nc4 Rg5 27. Rd1 Rxh5 28. d5 exd5 29. Rxd5+ Bd6 30. Ne5+ Kc8 31. Qa6+ Rb7 32. Nc6 Qe3 33. Nxa7+ Kd7 34. Qxb7 Qf2+ 35. Kb3 Qxf3 36.
Rxd6+ Kxd6 37. Qxf3 Rg5 38. Qc6+ Ke5 39. Qxc7+ Ke4 40.
Nb5 Kf3 41. Nd4+ Kg2 42. Qf4 Rg3 43. Nxf5 Rf3 44. Nxh4+ 1-0

[Event "Live Chess"]
[Site "Chess.com"]
[Date "2024.06.02"]
[Round "-"]
[White "juniortay"]
[Black "Dhaydon19"]
[Result "1-0"]
[WhiteElo "2432"]
[BlackElo "2673"]
[TimeControl "300"]
[EndTime "20:33:52 PDT"]
[Termination "juniortay won by checkmate"]

1. e4 c6 2. Nf3 d5 3. exd5 cxd5 4. Ne5 Nc6 5. d4 Nf6 6. Bb5 Bd7 7. Nxd7 Qxd7 8. c3 e6 9. O-O Bd6 10. Nd2 a6 11.
Bd3 O-O 12. f4 Qc7 13. g3 Rfe8 14. Qe2 Re7 15. Nf3 Nd7 16. Ne5 Nf8 17. Bd2 f6 18.
Nxc6 bxc6 19. Qg4 a5 20. Rae1 Rae8 21. Re2 c5 22. Bb5 Rb8 23. a4 c4 24. Rfe1 f5 25. Qf3 g6 26. g4 Rb7 27. gxf5 gxf5 28. Kh1 Qc8 29. Ba6 Qc6 30. Bxb7 Qxb7 31. Rg2+ Rg7 32. Reg1 Rxg2 33. Rxg2+ Kh8 34. Qh5 Qe7 35. Qh6 Qf7 36. Be1 Ng6 37. Bh4 Bxf4 38. Qh5 Bd6 39. Bd8 Kg7 40.
Bxa5 Qa7 41. Bd8 Qxa4 42. Qg5 Qd1+ 43. Rg1 Qf3+ 44. Rg2 Qd1+ 45. Rg1 Qf3+ 46. Rg2 Qe4 47. Bf6+ Kf7 48. Bd8 Nf4 49. Qg8# 1-0

[Event "Live Chess"]
[Site "Chess.com"]
[Date "2024.06.02"]
[Round "-"]
[White "ShanthamGrarks"]
[Black "IgorSchukin"]
[Result "1-0"]
[WhiteElo "1929"]
[BlackElo "1757"]
[TimeControl "300"]
[EndTime "20:34:16 PDT"]
[Termination "ShanthamGrarks won by resignation"]

1. d4 d5 2. Nc3 Nf6 3. e4 dxe4 4. f3 e5 5. d5 c6 6. fxe4 cxd5 7.
exd5 Bb4 8. Bc4 O-O 9. Ne2 Bxc3+ 10. Nxc3 Ng4 11. g3 Qb6 12. Qe2 f5 13. h3 Nf6 14.
Bg5 e4 15. O-O-O Kh8 16. d6 Bd7 17. Bxf6 Rxf6 18. Nd5 Qa5 19. Nxf6 gxf6 20. Qh5 Nc6 21. Qf7 Qe5 22. Qxd7 Rd8 23. Qxb7 Na5 24. Qc7 Rf8 25. Bb3 Nxb3+ 26. axb3 Qxg3 27. Rhg1 Qe3+ 28. Kb1 Rg8 29. Rxg8+ Kxg8 30. d7 1-0

[Event "Live Chess"]
[Site "Chess.com"]
[Date "2024.06.02"]
[Round "-"]
[White "booktrunk"]
[Black "Mangoalo"]
[Result "1-0"]
[WhiteElo "1510"]
[BlackElo "1066"]
[TimeControl "300"]
[EndTime "20:34:48 PDT"]
[Termination "booktrunk won by resignation"]

1. d4 Nf6 2. Nc3 e6 3. Bf4 Bb4 4.
Bd2 O-O 5. a3 Bxc3 6. Bxc3 c6 7.
Nf3 d5 8. e3 Re8 9. b3 Bd7 10.
Bb2 Qa5+ 11. Qd2 Qxd2+ 12. Nxd2 Na6 13. Bxa6 bxa6 14. O-O a5 15. c4 dxc4 16. Nxc4 Nd5 17. Nxa5 f5 18. b4 Rab8 19. Bc1 g5 20. Bd2 f4 21.
Rab1 fxe3 22. fxe3 Rf8 23. Rxf8+ Kxf8 24. Rf1+ Kg7 25. h3 Rf8 26. Rxf8 Kxf8 27. Nc4 a6 28. Kf2 h5 29. g3 g4 30. hxg4 hxg4 31. Ne5 Bc8 32. Nxc6 Ne7 33. Ne5 1-0

[Event "Live Chess"]
[Site "Chess.com"]
[Date "2024.06.02"]
[Round "-"]
[White "grillage"]
[Black "MagnersCarlsberg2870"]
[Result "1-0"]
[WhiteElo "1868"]
[BlackElo "1834"]
[TimeControl "300"]
[EndTime "20:36:18 PDT"]
[Termination "grillage won by resignation"]

1. d4 Nf6 2. Nf3 b6 3. g3 Bb7 4. Bg2 d6 5. O-O h5 6. b3 Nbd7 7. Bb2 Rb8 8. Nbd2 h4 9. Nxh4 Rxh4 10. gxh4 e5 11. Bxb7 Rxb7 12. dxe5 Ng4 13. Nf3 Be7 14. Qd5 Rb8 15. e6 fxe6 16. Qxe6 Ndf6 17. Ng5 Nh6 18. Bxf6 gxf6 19. Ne4 Qd7 20. Nxf6+ 1-0

[Event "Live Chess"]
[Site "Chess.com"]
[Date "2024.06.02"]
[Round "-"]
[White "Mikhail_Golubev"]
[Black "KeithArkell"]
[Result "1-0"]
[WhiteElo "2535"]
[BlackElo "2435"]
[TimeControl "300"]
[EndTime "20:37:26 PDT"]
[Termination "Mikhail_Golubev won by resignation"]

1. e4 c6 2. d4 d5 3. Nc3 dxe4 4.
Nxe4 Nd7 5. Bd3 Ngf6 6. Ng5 Nb6 7. N1f3 Bg4 8. h3 Bxf3 9. Nxf3 g6 10. O-O Bg7 11. Re1 O-O 12. c4 Qc7 13. Bd2 e6 14. Qe2 a5 15. Rad1 c5 16. dxc5 Qxc5 17. Be3 Qc7 18.
Nd4 Nbd7 19. Nb5 Qc6 20. Bc2 Rfc8 21. Nd6 Rd8 22. g4 Rab8 23. g5 Nh5 24. Be4 Qc7 25. Ba7 Ra8 26. Nb5 Qf4 27. Bxb7 Qxg5+ 28. Qg4 Qxg4+ 29.
hxg4 Rxa7 30. Nxa7 Nf4 31. Nc6 1-0

[Event "Live Chess"]
[Site "Chess.com"]
[Date "2024.06.02"]
[Round "-"]
[White "ua_eagerbeaver"]
[Black "McFim"]
[Result "1-0"]
[WhiteElo "2037"]
[BlackElo "1634"]
[TimeControl "300"]
[EndTime "20:38:52 PDT"]
[Termination "ua_eagerbeaver won by resignation"]

1. e3 d5 2. d4 Nf6 3. c4 c6 4. Nc3 a6 5. Qb3 e6 6. Nf3 Bd6 7. Bd3 O-O 8. O-O dxc4 9. Bxc4 b5 10. Bd3 Nbd7 11. e4 Be7 12. e5 Nd5 13. Qc2 g6 14. a3 c5 15. Bh6 Re8 16. Be4 Bb7 17. Rad1 N7b6 18. dxc5 Bxc5 19. b4 Be7 20. Ne2 Qc7 21. Qb3 Rad8 22. Rc1 Qb8 23. Rfd1 Rd7 24. Ned4 Red8 25.
Nc6 Bxc6 26. Rxc6 Bf8 27. Bg5 Rc8 28. Rdc1 Rxc6 29. Rxc6 Nc4 30. Rxa6 Qb7 31. Ra5 Nxa5 32. bxa5 b4 33. axb4 Qxb4 34. Qxb4 Nxb4 35. h4 Bc5 36. Nh2 Ra7 37. Ng4 h5 38. Nf6+ Kh8 39. g4 hxg4 40. Nxg4 Rxa5 41. Bf6+ Kg8 42. Nh6+ Kf8 43. Bg5 Ra2 44. Ng4 Nd5 45. Kf1 Ra4 46. f3 Be7 47. Nf6 Nxf6 48. exf6 Bc5 49. Bh6+ Ke8 50. Bc6+ 1-0

[Event "Live Chess"]
[Site "Chess.com"]
[Date "2024.06.02"]
[Round "-"]
[White "NeilDruggan73"]
[Black "Dhaydon19"]
[Result "0-1"]
[WhiteElo "1779"]
[BlackElo "2673"]
[TimeControl "300"]
[EndTime "20:38:53 PDT"]
[Termination "Dhaydon19 won by resignation"]

1. d4 Nf6 2. Bg5 d5 3. Bxf6 exf6 4. e3 c6 5. Nf3 Bd6 6. Nbd2 f5 7. c4 dxc4 8. Qc2 b5 9. a4 Bb7 10. Be2 g6 11. O-O a6 12. Rfd1 Nd7 13. b3 cxb3 14.
Nxb3 O-O 15. axb5 cxb5 16. Nc5 Qc7 17. Rdc1 Rfc8 18. Ne1 Nxc5 19. dxc5 Qxc5 20. Qxc5 Rxc5 21. Nd3 Rxc1+ 22. Rxc1 Rc8 23. Rxc8+ Bxc8 24. f4 Be6 25. Ne5 Bxe5 26. fxe5 Bc4 27. Bxc4 bxc4 28. Kf1 a5 29. Ke2 a4 30. Kd2 a3 31. Kc2 Kf8 32. h3 Ke7 33. g4 fxg4 34. hxg4 Ke6 0-1

[Event "Live Chess"]
[Site "Chess.com"]
[Date "2024.06.02"]
[Round "-"]
[White "Delacorta"]
[Black "juniortay"]
[Result "0-1"]
[WhiteElo "1512"]
[BlackElo "2432"]
[TimeControl "300"]
[EndTime "20:39:13 PDT"]
[Termination "juniortay won by checkmate"]

1. d4 Nf6 2. Nf3 g6 3. e3 Bg7 4. c4 O-O 5. Nc3 d6 6. Be2 Nbd7 7. Qc2 c6 8. Bd2 e5 9. dxe5 dxe5 10. O-O-O Qe7 11. h4 h5 12. e4 Nc5 13. Bg5 a5 14. Rd2 Bg4 15. Rhd1 Bxf3 16. gxf3 Ne6 17. Rd7 Qxd7 18.
Rxd7 Nxd7 19. Qd2 Nd4 20. Bd3 Nc5 21. Qe3 f6 22. Bh6 Rfd8 23. Bxg7 Kxg7 24. a3 Nxd3+ 25. Kb1 Nf4 26. Na4 Nfe6 27. Nb6 Ra6 28. Na4 b5 29.
Nc3 bxc4 30. f4 Nxf4 31. Na4 Rb8 32. Nc5 Rab6 33. Na4 Rb3 34. Qd2 Nd3 35. Qxa5 Rxb2+ 36. Nxb2 Rxb2+ 37. Ka1 Nb3# 0-1

[Event "Live Chess"]
[Site "Chess.com"]
[Date "2024.06.02"]
[Round "-"]
[White "MagnersCarlsberg2870"]
[Black "Mikhail_Golubev"]
[Result "0-1"]
[WhiteElo "1834"]
[BlackElo "2535"]
[TimeControl "300"]
[EndTime "20:39:20 PDT"]
[Termination "Mikhail_Golubev won by resignation"]

1. Nf3 d6 2. g3 g6 3. Bg2 Bg7 4. O-O e5 5. e4 Ne7 6. d3 O-O 7.
Nbd2 f5 8. Re1 f4 9. Nf1 Nbc6 10. c3 Bg4 11. Qb3+ Kh8 12. Ng5 Qd7 13. Nf7+ Rxf7 14.
Qxf7 Be6 0-1

[Event "Live Chess"]
[Site "Chess.com"]
[Date "2024.06.02"]
[Round "-"]
[White "IgorSchukin"]
[Black "booktrunk"]
[Result "1-0"]
[WhiteElo "1760"]
[BlackElo "1507"]
[TimeControl "300"]
[EndTime "20:40:33 PDT"]
[Termination "IgorSchukin won by checkmate"]

1. e4 b6 2. Bc4 Bb7 3. Qh5 e6 4. d3 Nf6 5. Qe2 d5 6. exd5 Bxd5 7. Bxd5 Nxd5 8. Nc3 Nxc3 9. bxc3 Nd7 10. Nf3 Bc5 11. d4 Bd6 12. O-O O-O 13. Bg5 Be7 14. Bxe7 Qxe7 15. Rfe1 Nf6 16. c4 Rfe8 17. h3 Qd7 18. c3 c6 19. Ne5 Qc7 20. Qf3 Rac8 21. Rab1 c5 22. dxc5 Qxc5 23. g4 Rf8 24. g5 Ne8 25. Nd7 Qxg5+ 26. Kh2 Rxc4 27. Rg1 Qh6 28. Nxf8 Kxf8 29. Rb4 Rc5 30. Rf4 Rc7 31. Rd1 g5 32. Rfd4 Qg6 33. Rd7 Rc4 34. Rxa7 Qc2 35. Qxf7# 1-0

[Event "Live Chess"]
[Site "Chess.com"]
[Date "2024.06.02"]
[Round "-"]
[White "Mangoalo"]
[Black "ShanthamGrarks"]
[Result "1/2-1/2"]
[WhiteElo "1074"]
[BlackElo "1919"]
[TimeControl "300"]
[EndTime "20:41:58 PDT"]
[Termination "Game drawn by stalemate"]

1. f4 d5 2. Nc3 c5 3. d4 Nc6 4. dxc5 Bf5 5. Nf3 e6 6. Ne5 Nb4 7. e4 dxe4 8. Qxd8+ Rxd8 9. Bb5+ Nc6 10. Nxc6 bxc6 11. Bxc6+ Ke7 12. Be3 Nf6 13. O-O Nd5 14.
Nxd5+ exd5 15. Rad1 Ke6 16. h3 h5 17. Kf2 Be7 18. b4 a6 19. a4 Bh4+ 20. g3 Bf6 21. h4 d4 22. Bc1 e3+ 23. Kg2 e2 24.
Rfe1 Bg4 25. Bf3 Kf5 26. Rxe2 Rhe8 27. Bxg4+ hxg4 28. Rde1 Rxe2+ 29. Rxe2 d3 30. cxd3 Rxd3 31. a5 Bc3 32. c6 Rd8 33. c7 Rc8 34. b5 Bxa5 35.
bxa6 Rxc7 36. Re5+ Kf6 37. Bb2 Bc3 38. Bxc3 Rxc3 39.
Ra5 Rc8 40. a7 Ra8 41. Kf2 Ke6 42. Ke3 g6 43. Ke4 f5+ 44. Kd4 Rd8+ 45. Ke3 Ra8 46. Re5+ Kf6 47. Ra5 Ke6 48. Ra6+ Kf7 49. Kd4 Kg7 50. Ke5 Kh6 51. Kd6 Kh5 52. Kc7 g5 53. hxg5 Rc8+ 54. Kxc8 1/2-1/2

[Event "Live Chess"]
[Site "Chess.com"]
[Date "2024.06.02"]
[Round "-"]
[White "MagnersCarlsberg2870"]
[Black "IgorSchukin"]
[Result "1/2-1/2"]
[WhiteElo "1832"]
[BlackElo "1762"]
[TimeControl "300"]
[EndTime "20:44:58 PDT"]
[Termination "Game drawn by repetition"]

1. d4 d5 2. Bf4 Nf6 3. e3 g6 4. c4 Bg7 5. Nc3 O-O 6. Nf3 c6 7. Be2 dxc4 8. Bxc4 b5 9. Bb3 Bb7 10.
O-O a6 11. Ne5 Nbd7 12. Qf3 Nxe5 13. dxe5 Nh5 14. e6 f6 15. Bg3 Nxg3 16. fxg3 Qb6 17. Rad1 Rad8 18. Rd7 Kh8 19. Rfd1 f5 20. Rxe7 Bxc3 21.
bxc3 Rxd1+ 22. Qxd1 Qxe3+ 23. Kh1 Ba8 24. h3 c5 25. Bd5 Qxg3 26. Bxa8 Rxa8 27. Qd7 Qe1+ 28. Kh2 Qe5+ 29. Kg1 Qe1+ 30. Kh2 Qe5+ 31. Kg1 Qe1+ 32.
Kh2 1/2-1/2

[Event "Live Chess"]
[Site "Chess.com"]
[Date "2024.06.02"]
[Round "-"]
[White "Dhaydon19"]
[Black "McFim"]
[Result "1-0"]
[WhiteElo "2673"]
[BlackElo "1634"]
[TimeControl "300"]
[EndTime "20:45:12 PDT"]
[Termination "Dhaydon19 won by resignation"]

1. Nf3 d5 2. e3 Nf6 3. b3 c5 4.
Bb2 Nc6 5. Be2 Bg4 6. d4 e6 7.
dxc5 Bxc5 8. O-O O-O 9. Nbd2 Rc8 10. c4 dxc4 11. Nxc4 Qxd1 12. Rfxd1 Rfd8 13. h3 Bh5 14. Rac1 Be7 15. Rxd8+ Rxd8 16. Nce5 Nxe5 17. Bxe5 Ne8 18.
Bd4 b6 19. g4 Bg6 20. Ne5 Bf6 21. Nc6 Rd7 22. Bb5 Bxd4 23. Nxd4 Rd8 24. Bxe8 Rxe8 25. Rc7 Ra8 26. Nc6 Bb1 27. a3 h5 28.
gxh5 Be4 29. Nxa7 Bf3 30. Rc8+ Rxc8 31. Nxc8 b5 32. Na7 b4 33. axb4 Bxh5 34. Kg2 Bd1 35. b5 Bxb3 36. b6 Bd5+ 37. f3 Kf8 38. Nc8 Bc6 39. Nd6 Ke7 40. b7 1-0

[Event "Live Chess"]
[Site "Chess.com"]
[Date "2024.06.02"]
[Round "-"]
[White "juniortay"]
[Black "Mikhail_Golubev"]
[Result "1-0"]
[WhiteElo "2442"]
[BlackElo "2525"]
[TimeControl "300"]
[EndTime "20:45:50 PDT"]
[Termination "juniortay won by resignation"]

1. e4 c5 2. Nf3 Nc6 3. b4 cxb4 4. d4 d5 5. exd5 Qxd5 6. c4 bxc3 7. Nxc3 Qa5 8. d5 Nf6 9. dxc6 Qxc3+ 10. Bd2 Qxc6 11.
Be2 g6 12. O-O Bg7 13. Rc1 Qd5 14. Bc4 Qh5 15. Re1 O-O 16. Rxe7 Nd5 17. Re4 Be6 18. Bg5 Nc3 19. Rxc3 Bxc3 20. Bxe6 fxe6 21. Rh4 Rxf3 22. Rxh5 Rf5 23. Rh3 1-0

[Event "Live Chess"]
[Site "Chess.com"]
[Date "2024.06.02"]
[Round "-"]
[White "KeithArkell"]
[Black "grillage"]
[Result "1-0"]
[WhiteElo "2436"]
[BlackElo "1867"]
[TimeControl "300"]
[EndTime "20:46:47 PDT"]
[Termination "KeithArkell won on time"]

1. d4 e6 2. Nf3 Nf6 3. Bg5 Be7 4. c4 O-O 5. Nc3 b6 6. g3 Bb7 7. Bg2 d6 8. O-O Nbd7 9. Qc2 h6 10. Bxf6 Nxf6 11.
e4 c5 12. e5 dxe5 13. dxe5 Nd7 14. Rad1 Qc7 15. Nb5 Qc8 16. Nd6 Bxd6 17. exd6 Rd8 18. Rd2 Bc6 19. Rfd1 Qb7 20. Nh4 Bxg2 21. Nxg2 e5 22. Ne3 Nf6 23. Nf5 Rd7 24. Re2 Re8 25.
Rde1 Qf3 26. Ne7+ Kf8 27. Re3 Qh5 28. Rxe5 Qh3 29. Qf5 Qxf5 30. Nxf5 Rxe5 31. Rxe5 g6 32. Ne3 Rxd6 33. Nd5 Nxd5 34. cxd5 f6 35. Re2 Rxd5 36.
a3 Kf7 37. Kg2 f5 38. h4 h5 39. Rc2 Kf6 40. b4 cxb4 41. axb4 Rb5 42. Rc6+ Kg7 43. Rc7+ Kh6 44. Rxa7 Rxb4 45. Rb7 Rb3 46. Rb8 b5 47.
Rb7 b4 48. Kf1 Rb1+ 49. Ke2 b3 50. Ke3 b2 51. Kf4 Rc1 52. Rxb2 Rc4+ 53. Ke5 Re4+ 54. Kf6 Re8 55. Rb6 Rf8+ 56. Ke7 Rc8 57. Rb2 Rc7+ 58. Kd6 Ra7 59. Rc2 Ra6+ 60. Kd5 Ra5+ 61. Kd4 Ra7 62.
Rc3 Re7 63. Kd3 Re1 64. Rc8 Re7 65. Rh8+ Kg7 66. Rb8 Re4 67. f3 Kf6 68. fxe4 1-0

[Event "Live Chess"]
[Site "Chess.com"]
[Date "2024.06.02"]
[Round "-"]
[White "booktrunk"]
[Black "ShanthamGrarks"]
[Result "0-1"]
[WhiteElo "1506"]
[BlackElo "1921"]
[TimeControl "300"]
[EndTime "20:46:51 PDT"]
[Termination "ShanthamGrarks won by resignation"]

1. d4 d5 2. Nc3 c6 3. a3 Nf6 4. g3 g6 5. Bg2 Bg7 6. h4 O-O 7. e3 h5 8. Bf3 Bg4 9. Bxg4 Nxg4 10. Qf3 Nd7 11. Bd2 e5 12. dxe5 Ndxe5 13. Qe2 Nc4 14. O-O-O Qb6 15. b3 Nxa3 16. Kb2 Nc4+ 17.
Kc1 Nxd2 18. Kxd2 Qb4 19. Ke1 Bxc3+ 20. Kf1 Rae8 21. Nf3 d4 22. Nxd4 Bxd4 23. Rxd4 Qc3 24. Kg2 Rxe3 25. fxe3 Nxe3+ 26. Kh3 Qxd4 27. Re1 Ng4 28.
Kg2 Qd5+ 29. Kh3 Qf5 30. Rf1 Qc8 31. Kg2 Re8 32. Qf3 Ne3+ 0-1

[Event "Live Chess"]
[Site "Chess.com"]
[Date "2024.06.02"]
[Round "-"]
[White "NeilDruggan73"]
[Black "Delacorta"]
[Result "0-1"]
[WhiteElo "1766"]
[BlackElo "1536"]
[TimeControl "300"]
[EndTime "20:47:28 PDT"]
[Termination "Delacorta won by resignation"]

1. d4 e6 2. Nf3 f5 3. c4 Nf6 4. a3 c6 5. Bd2 d5 6. c5 Be7 7.
Nc3 O-O 8. b4 a6 9. Bf4 Bd7 10.
e3 Be8 11. Na4 Nbd7 12. Ne5 Bh5 13. f3 Nxe5 14. Bxe5 Nd7 15. Bd6 Bxd6 16. cxd6 Nf6 17. Nc5 Qxd6 18. Nxb7 Qe7 19. Nc5 a5 20. Be2 axb4 21.
axb4 Rxa1 22. Qxa1 g5 23. O-O g4 24. Qa6 gxf3 25.
Bxf3 Bxf3 26. gxf3 Rf7 27. Kf2 Rg7 28. Qxc6 Nh5 29.
Qc8+ Kf7 30. Rg1 Qh4+ 31. Kf1 Qh3+ 32. Ke2 Qxh2+ 33. Kd3 Qxg1 34. Qxe6+ Kf8 35. Nd7+ Rxd7 36. Qxd7 Qb1+ 37. Ke2 Qc2+ 38. Ke1 Ng3 39. Qd6+ Ke8 40. Qxg3 Qc3+ 41. Ke2 Qc2+ 42. Ke1 Qc1+ 43. Ke2 Qc2+ 44. Kf1 Qd1+ 45. Kg2 Qe2+ 46. Kh3 Qxe3 47. Qe5+ Qxe5 48. dxe5 d4 49. Kg3 d3 50. Kf2 h5 51. Ke3 h4 52.
Kxd3 h3 53. Ke2 h2 54. Ke3 h1=Q 0-1

[Event "Live Chess"]
[Site "Chess.com"]
[Date "2024.06.02"]
[Round "-"]
[White "IgorSchukin"]
[Black "Mangoalo"]
[Result "1-0"]
[WhiteElo "1762"]
[BlackElo "1074"]
[TimeControl "300"]
[EndTime "20:49:32 PDT"]
[Termination "IgorSchukin won by resignation"]

1. e4 c6 2. d4 d5 3. Nc3 Nd7 4.
Nf3 f6 5. exd5 cxd5 6. Nxd5 Nb6 7. Nxb6 Qxb6 8. Bd3 f5 9. O-O Nf6 10. Bg5 g6 11.
Re1 Bg7 12. Qd2 e6 13. a4 Kf7 14. Bh6 Rf8 15. Bxg7 Kxg7 16. c3 Re8 17. Ne5 Nd5 18.
Bb5 Re7 19. Qg5 a6 20. c4 axb5 21. cxd5 Qd8 22. dxe6 Bxe6 23. axb5 Rxa1 24. Rxa1 Rc7 25. Qxd8 1-0

[Event "Live Chess"]
[Site "Chess.com"]
[Date "2024.06.02"]
[Round "-"]
[White "booktrunk"]
[Black "KeithArkell"]
[Result "0-1"]
[WhiteElo "1506"]
[BlackElo "2436"]
[TimeControl "300"]
[EndTime "20:50:15 PDT"]
[Termination "KeithArkell won by resignation"]

1. d4 e6 2. Nc3 d5 3. Bf4 Bd6 4.
Bc1 Nf6 5. Bf4 Bxf4 6. e3 Bd6 7. Nb5 c6 8. Nxd6+ Qxd6 9. Nf3 c5 10. Be2 Nc6 11.
O-O cxd4 12. Nxd4 Nxd4 13. Qxd4 Qb6 14. Qa4+ Bd7 15. Qa3 Rc8 16. c3 Qc5 17. Qxc5 Rxc5 18. Rac1 O-O 19. b4 Rc7 20. Rc2 Rfc8 21. Rfc1 b5 22.
Bf3 e5 23. g3 Bf5 24. Rd2 Rxc3 25. Rxc3 Rxc3 26. Bxd5 Rc1+ 27. Kg2 Nxd5 0-1

[Event "Live Chess"]
[Site "Chess.com"]
[Date "2024.06.02"]
[Round "-"]
[White "ShanthamGrarks"]
[Black "Delacorta"]
[Result "1-0"]
[WhiteElo "1923"]
[BlackElo "1533"]
[TimeControl "300"]
[EndTime "20:50:57 PDT"]
[Termination "ShanthamGrarks won by resignation"]

1. d4 e5 2. dxe5 Nc6 3. Nf3 Be7 4. Bf4 Nb4 5. c3 Nd5 6. Bg3 Bg5 7. e4 Nb6 8. h4 Bh6 9. Nd4 Ne7 10. Nf5 Ng6 11. Nxh6 gxh6 12. Qh5 Qe7 13. Qxh6 Nc4 14. Qg5 Ncxe5 15.
Qxe7+ Kxe7 16. h5 1-0

[Event "Live Chess"]
[Site "Chess.com"]
[Date "2024.06.02"]
[Round "-"]
[White "Mikhail_Golubev"]
[Black "Dhaydon19"]
[Result "0-1"]
[WhiteElo "2520"]
[BlackElo "2678"]
[TimeControl "300"]
[EndTime "20:53:50 PDT"]
[Termination "Dhaydon19 won on time"]

1. e4 c6 2. d4 d5 3. Nc3 dxe4 4. Nxe4 Nf6 5. Ng3 g6 6. Nf3 Bg7 7. Bc4 O-O 8. O-O Bg4 9. c3 Nbd7 10. Re1 Bxf3 11.
Qxf3 e6 12. Bf4 Qa5 13. Rad1 Rfe8 14. b4 Qb6 15. a4 a5 16. b5 Nd5 17. bxc6 bxc6 18. Rb1 Qd8 19. Ne4 N7b6 20. Bg5 Qc7 21. Bxd5 cxd5 22. Nf6+ Bxf6 23. Bxf6 Nd7 24. Bg5 Rab8 25.
Bf4 Rxb1 26. Rxb1 Qc6 27. h4 Qxa4 28. h5 Qc6 29. hxg6 fxg6 30. Bh6 a4 31. c4 Qxc4 32. Rb7 Qc6 33. Ra7 Rc8 34. Qa3 Re8 35. Rxa4 Qc2 36.
f3 Qb1+ 37. Kh2 Qf5 38. g4 Qf6 39. Ra7 Qh4+ 40. Kg2 Qxh6 41. Rxd7 Qd2+ 42. Kg3 Rf8 43. Qd6 Qe1+ 44. Kg2 Qe3 0-1

[Event "Live Chess"]
[Site "Chess.com"]
[Date "2024.06.02"]
[Round "-"]
[White "McFim"]
[Black "juniortay"]
[Result "0-1"]
[WhiteElo "1634"]
[BlackElo "2442"]
[TimeControl "300"]
[EndTime "20:54:20 PDT"]
[Termination "juniortay won by resignation"]

1. e4 e5 2. Nf3 Nf6 3. Nxe5 Nc6 4.
Nxc6 dxc6 5. Nc3 Bc5 6. h3 Be6 7. d3 Qe7 8. a3 O-O-O 9. Qe2 Bd4 10. Bd2 c5 11. g3 Kb8 12. Bg2 h6 13. O-O g5 14.
Rab1 Qd7 15. Kh2 Be5 16. Nd1 c4 17. Bc3 Bxc3 18. Nxc3 cxd3 19. cxd3 Qxd3 20. Rfd1 Qxe2 21. Nxe2 Bb3 22. Rxd8+ Rxd8 23. Nc3 Rd2 24. Kg1 Nd7 25. Kf1 Ne5 26. Ke1 Rc2 27. Rd1 a6 28. Rd2 Rc1+ 29.
Nd1 Kc8 30. f4 gxf4 31. gxf4 Rxd1+ 32. Rxd1 Bxd1 33. Kxd1 Nd3 34. f5 Nxb2+ 35. Kc2 Nc4 36. Kb3 b5 37. a4 c6 38. axb5 axb5 39. Kb4 Kc7 40. Kc5 Ne5 41. Bf1 Nd7+ 42. Kd4 Kd6 43.
Be2 Ne5 44. h4 c5+ 45. Ke3 b4 46. Bd1 c4 47. Kd4 b3 48. Kc3 Kc5 49. Bh5 f6 50. Be2 b2 51. Kxb2 Kd4 52. Kc2 Kxe4 53. Kc3 Kxf5 54.
Kd4 Kf4 55. Bd1 Kg3 56. h5 Kf4 57. Be2 Kg5 58. Ke4 c3 59. Bd1 Ng4 60. Kd3 Nf2+ 61. Kxc3 Nxd1+ 62. Kd2 Kxh5 0-1

[Event "Live Chess"]
[Site "Chess.com"]
[Date "2024.06.02"]
[Round "-"]
[White "RuslanChessN"]
[Black "Mangoalo"]
[Result "1-0"]
[WhiteElo "1906"]
[BlackElo "1066"]
[TimeControl "300"]
[EndTime "20:55:11 PDT"]
[Termination "RuslanChessN won by resignation"]

1. d4 Nf6 2. c4 e6 3. Nc3 Bb4 4.
Qc2 b5 5. e4 bxc4 6. Bxc4 c6 7.
Bd3 d5 8. e5 Nfd7 9. Nf3 Nb6 10.
O-O h6 11. Be3 Ba6 12. a3 Bxd3 13. Qxd3 Bxc3 14. bxc3 N8d7 15. Nd2 Nc4 16. Nxc4 dxc4 17. Qxc4 Nb6 18. Qd3 O-O 19. c4 c5 20. Rfd1 cxd4 21.
Bxd4 Na4 22. Qb3 Qa5 23. Qb4 Qxb4 24. axb4 Nb6 1-0

[Event "Live Chess"]
[Site "Chess.com"]
[Date "2024.06.02"]
[Round "-"]
[White "KeithArkell"]
[Black "ShanthamGrarks"]
[Result "1-0"]
[WhiteElo "2437"]
[BlackElo "1922"]
[TimeControl "300"]
[EndTime "20:56:58 PDT"]
[Termination "KeithArkell won by resignation"]

1. d4 e6 2. Nf3 f5 3. Bg5 Be7 4. Bxe7 Qxe7 5. Nbd2 Nf6 6. e3 b6 7.
Bd3 Bb7 8. c3 O-O 9. Qc2 d6 10.
e4 fxe4 11. Nxe4 Nxe4 12. Bxe4 Bxe4 13. Qxe4 Nd7 14. O-O Nf6 15. Qc6 Qd7 16. Qxd7 Nxd7 17. Rae1 Rae8 18. Re2 e5 19. dxe5 Nxe5 20. Nxe5 Rxe5 21.
Rxe5 dxe5 22. Rd1 Rf7 23. f3 g6 24. Kf2 Kg7 25. Ke3 Kf6 26. Rd8 a5 27. Re8 Rd7 28. h4 Rd1 29. Rc8 Rd7 30. Ke4 Rd2 31. b3 Rxa2 32.
Rxc7 Rxg2 33. Rc6+ Ke7 34. Rxb6 Re2+ 35. Kd5 Re3 36. c4 Rxf3 37. Kxe5 Rf5+ 38. Ke4 Rf2 39.
Rb7+ Kd6 40. Rxh7 Rb2 41. Rb7 a4 42. b4 a3 43. Kd4 a2 44. Ra7 Rxb4 45. Rxa2 Rb3 46.
Ra6+ Ke7 47. Rxg6 Rh3 48. Rg4 Kd6 49. c5+ Kc6 50. Rg6+ Kc7 51. Rh6 Ra3 52. Kc4 Ra4+ 53. Kd5 Rf4 54. Rh7+ Kc8 55. h5 Rf6 56. h6 Rg6 57.
Kc4 Kb8 58. Kb5 Kc8 59. c6 Rg5+ 60. Kb6 Rg8 61. Ra7 Kb8 62. c7+ 1-0

[Event "Live Chess"]
[Site "Chess.com"]
[Date "2024.06.02"]
[Round "-"]
[White "Mikhail_Golubev"]
[Black "McFim"]
[Result "1-0"]
[WhiteElo "2520"]
[BlackElo "1634"]
[TimeControl "300"]
[EndTime "20:57:07 PDT"]
[Termination "Mikhail_Golubev won by resignation"]

1. e4 c6 2. d4 d5 3. e5 Bf5 4.
h4 Be4 5. Nc3 h5 6. Nxe4 dxe4 7.
e6 Nf6 8. exf7+ Kxf7 9. Bc4+ e6 10. Nh3 Nd5 11. Ng5+ Ke7 12. Nxe4 Nd7 13. O-O N7f6 14. Ng5 b5 15. Bb3 Nh7 16. Qxh5 1-0

[Event "Live Chess"]
[Site "Chess.com"]
[Date "2024.06.02"]
[Round "-"]
[White "Delacorta"]
[Black "booktrunk"]
[Result "0-1"]
[WhiteElo "1518"]
[BlackElo "1515"]
[TimeControl "300"]
[EndTime "20:59:00 PDT"]
[Termination "booktrunk won by checkmate"]

1. d4 e6 2. Nf3 h6 3. e3 b6 4. Bd3 Bb7 5. c4 Nf6 6. Qc2 Bb4+ 7. Nbd2 Bxd2+ 8. Bxd2 d6 9. O-O-O Nbd7 10. Rde1 Qe7 11. e4 O-O-O 12. Qa4 Kb8 13. Bb4 c5 14. dxc5 Nxc5 15. Bc2 Qe8 16. Qxe8 Rhxe8 17. Nd4 a5 18. Bxc5 dxc5 19. Nb5 Bc6 20. f3 Bxb5 21. cxb5 Rd4 22. Rd1 Red8 23. Rxd4 Rxd4 24. Rd1 Rxd1+ 25. Kxd1 Kc7 26. a4 Nd7 27. f4 g6 28. e5 g5 29. g3 gxf4 30. gxf4 Nf8 31. Ke2 Kd7 32. Be4 Ke7 33. Kd3 f5 34. exf6+ Kxf6 35. Ke3 e5 36. fxe5+ Kxe5 37. h3 Ne6 38. Bg2 Ng5 39. Kd3 Kf4 40. Kc4 Kg3 41. Bf1 Nxh3 42. Kd5 Nf4+ 43. Kc6 Kf2 44.
Bc4 h5 45. Kxb6 h4 46. Kxc5 h3 47. b6 h2 48. Bb5 h1=Q 49. Bc6 Qc1+ 50. Kd6 Qxb2 51.
b7 Qb6 52. Kd7 Qd4+ 53. Kc7 Ne6+ 54. Kb8 Qb6 55. Kc8 Qc7# 0-1

[Event "Live Chess"]
[Site "Chess.com"]
[Date "2024.06.02"]
[Round "-"]
[White "RuslanChessN"]
[Black "KeithArkell"]
[Result "0-1"]
[WhiteElo "1905"]
[BlackElo "2438"]
[TimeControl "300"]
[EndTime "20:59:29 PDT"]
[Termination "KeithArkell won by resignation"]

1. d4 e6 2. c4 Bb4+ 3. Nc3 c5 4. e3 Bxc3+ 5. bxc3 f5 6. Bd3 Nf6 7. Nf3 d6 8. a4 Nc6 9. Ba3 b6 10. O-O e5 11. Nd2 e4 12. Bc2 O-O 13. Nb3 Ba6 14. Nd2 Qe7 15. Re1 Na5 16. Bb3 Qf7 17. Qe2 Nxb3 18.
Nxb3 Bxc4 0-1